 Dungeon Crawl Stone Soup version 0.23.2-1-ga50397a (webtiles) character file.

Game seed: 5964494205228279810

54 troglodite the Conjurer (level 3, -7/21 HPs)
             Began as an Octopode Conjurer on May 23, 2019.
             Mangled by a worm (12 damage)
             ... on level 2 of the Dungeon.
             The game lasted 00:08:56 (1405 turns).

troglodite the Conjurer (Octopode Conjurer)         Turns: 1405, Time: 00:08:57

Health: -7/21      AC:  1    Str:  7    XL:     3   Next: 91%
Magic:  0/6        EV: 13    Int: 17    God:
Gold:   20         SH:  0    Dex: 13    Spells: 3/6 levels left

rFire    . . .     SeeInvis .   l - +0 dagger
rCold    . . .     Gourm    .   (no shield)
rNeg     . . .     Faith    .   (helmet restricted)
rPois    .         Spirit   +   f - amulet of guardian spirit
rElec    .         Reflect  .   (no ring)
rCorr    .         Harm     .   (no ring)
MR       .....                  (no ring)
Stlth    +++.......             (no ring)
HPRegen  0.07/turn              (no ring)
MPRegen  0.10/turn              (no ring)
                                (no ring)
                                (no ring)

@: no status effects
A: almost no armour, stealthy swim, amphibious, 8 rings, constrict 8, camouflage
1, gelatinous body 1
a: no special abilities


You were on level 2 of the Dungeon.
You were not hungry.

You visited 1 branch of the dungeon, and saw 2 of its levels.

You collected 20 gold pieces.

Inventory:

Hand Weapons
 e - a +0 spear
 l - a +0 dagger (weapon)
Missiles
 a - 97 stones (quivered)
Jewellery
 f - an amulet of guardian spirit (around mantle)
 p - an uncursed ring of ice
Scrolls
 h - a scroll of enchant weapon {unknown}
 j - a scroll of remove curse {unknown}
 k - a scroll of random uselessness {unknown}
 m - 2 scrolls of identify {unknown}
 n - a scroll of fear {unknown}
Potions
 c - a potion of ambrosia {unknown}
 g - a potion of flight {unknown}
 i - a potion of lignification {unknown}
 o - a potion of berserk rage {unknown}
Comestibles
 b - 4 rations
 d - 2 chunks of flesh


   Skills:
 * Level 2.3 Dodging
 * Level 3.0 Stealth
 * Level 2.2 Spellcasting
 * Level 5.0 Conjurations


You had 3 spell levels left.
You knew the following spells:

 Your Spells              Type           Power        Failure   Level  Hunger
a - Magic Dart            Conj           ###.         2%          1    #......
b - Searing Ray           Conj           ###...       3%          2    ###....

Your spell library contained the following spells:

 Spells                   Type           Power        Failure   Level  Hunger
 Dazzling Spray           Conj/Hex       ##....       21%         3    ###....
 Iskenderun's Mystic Bla  Conj           ###.....     24%         4    #####..
 Force Lance              Conj/Tloc      ##......     54%         4    #####..
 Fulminant Prism          Conj/Hex       ##........   54%         4    #####..


Dungeon Overview and Level Annotations

Branches:
Dungeon (2/15)

Altars:


Innate Abilities, Weirdness & Mutations

You cannot wear most types of armour.
You are very stealthy in the water. (Stealth+)
You are amphibious.
You can wear up to eight rings at the same time.
You can use your tentacles to constrict eight enemies at once.
Your skin changes colour to match your surroundings (Stealth+).
Your rubbery body absorbs attacks. (AC +1, EV +1)


Message History

The magic dart hits the worm.
The worm is lightly wounded.
The worm misses you.
You hit the worm. Your grab misses the worm.
The worm is lightly wounded.
You hit the worm but do no damage. Your grab misses the worm.
The worm is lightly wounded.
The worm bites you!
You hit the worm but do no damage. You grab the worm. You squeeze the worm.
The worm is moderately wounded.
You constrict the worm. The worm bites you!
* * * LOW HITPOINT WARNING * * *
You hit the worm but do no damage. You squeeze the worm!
The worm is severely wounded.
You constrict the worm, but do no damage.
You hit the worm but do no damage.
The worm is severely wounded.
You constrict the worm. The worm bites you!
Ouch! That really hurt!
You die...

###### #....#
...##########....#
....#.$..w@.......#########
........[...................
........................####
.#.†........................
....#..............<.....#..
.##.#...........#.....#..#.#
...............####.....#..
..##.##......................
.....#.........#######...###.


You could see a worm.

Vanquished Creatures
  2 adders (D:2)
  3 leopard geckos (D:1)
  2 giant cockroaches (D:1)
  A goblin (D:1)
  6 hobgoblins
  4 kobolds
  A ball python (D:1)
  8 bats (D:1)
  2 frilled lizards (D:1)
  4 rats
33 creatures vanquished.

Notes
Turn   | Place    | Note
-------+----------+-------------------------------------------
     0 | D:1      | troglodite the Octopode Conjurer began the quest for the
                  | Orb.
     0 | D:1      | Reached XP level 1. HP: 11/11 MP: 3/3
   199 | D:1      | Reached XP level 2. HP: 15/17 MP: 0/5
   237 | D:1      | Learned a level 2 spell: Searing Ray
   661 | D:1      | Reached XP level 3. HP: 21/21 MP: 2/6
  1383 | D:2      | Reached skill level 5 in Conjurations
  1405 | D:2      | Mangled by a worm

Skill      XL: |  1  2  3 |
---------------+----------+-----
Stealth        | 3 |  3.0
Conjurations   | 5 |  5.0
Dodging        | |  2.3
Spellcasting   | |  2.2

Action                   || total
-------------------------++-------
Melee: Unarmed           ||     8
       Constrict         ||     7
       Tentacles         ||    10
       Dagger            ||    19
 Cast: Magic Dart        ||    61
  Eat: Chunk             ||     2
Armor: Skin              ||     1
Dodge: Dodged            ||    26
